 Dungeon Crawl Stone Soup version 0.21.1-1-g345015fe64 (webtiles) character file.

170508 RepoMan the Scorcher (level 16, -2/129 HPs)
             Began as a Demigod Fire Elementalist on June 28, 2018.
             Killed from afar by a deep elf sorcerer (38 damage)
             ... with damnation
             ... on level 3 of the Elven Halls on July 2, 2018.
             The game lasted 05:13:58 (47585 turns).

RepoMan the Scorcher (Demigod Fire Elementalist)   Turns: 47585, Time: 05:13:58

Health: -2/129     AC: 15    Str: 13    XL:     16   Next: 82%
Magic:  13/45      EV: 17    Int: 27    God:
Gold:   1691       SH:  8    Dex: 18    Spells: 13/38 levels left

rFire    . . .     SeeInvis +   b - +3 long sword "Xeohuil" {speed, +Blink}
rCold    . . .     Gourm    +   v - +2 buckler
rNeg     . . .     Faith    .   j - +1 ring mail of Inviolability {rPois}
rPois    +         Spirit   .   w - +2 hat
rElec    .         Reflect  .   W - +2 cloak
rCorr    .         Harm     .   (no gloves)
MR       +....                  J - +2 pair of boots
Stlth    +.........             y - amulet of the gourmand
HPRegen  0.31/turn              E - ring "Coibiodeebb" {Dex+2 SInv}
MPRegen  0.29/turn              i - ring of magical power

@: hasted, very quick
A: high mp 1
a: Evoke Blink


You were on level 3 of the Elven Halls.
You were not hungry.

You visited 5 branches of the dungeon, and saw 27 of its levels.
You visited the Abyss 1 time.
You also visited: Sewer, Ossuary and Desolation.

You collected 2687 gold pieces.
You spent 996 gold pieces at shops.

Inventory:

Hand Weapons
 b - the +3 long sword "Xeohuil" (weapon) {speed, +Blink}
   (You found it on level 4 of the Dungeon)

   Attacks with this weapon are significantly faster.
   It lets you blink.
 M - the cursed +1 mace of Soratt {antimagic, rPois MR++ Dex+3 SInv, unknown}
   (You took it off a deep elf sorcerer on level 3 of the Elven Halls)

   It reduces the magical energy of the wielder, and disrupts the spells and
   magical abilities of those hit.
   Natural abilities and divine invocations are not affected.
   It affects your dexterity (+3).
   It protects you from poison.
   It affects your resistance to hostile enchantments.
   It lets you see invisible.
   It has a curse placed upon it.
Armour
 g - a +4 plate armour of cold resistance
 j - the +1 ring mail of Inviolability (worn) {rPois}
   (You found it on level 1 of the Elven Halls)

   It protects you from poison.
 s - the +3 scale mail "Ycisiubb" {Int-2 Dex+7, unknown}
   (You found it on level 1 of the Elven Halls)

   It affects your intelligence (-2).
   It affects your dexterity (+7).
 v - a +2 buckler (worn)
 w - a +2 hat (worn)
 z - the +2 leather armour of the Eight Boll Weevils {Int+5}
   (You found it on level 4 of the Dungeon)

   It affects your intelligence (+5).
 J - a +2 pair of boots (worn)
 W - a +2 cloak (worn)
Magical Staves
 a - an uncursed staff of fire
Jewellery
 i - a ring of magical power (right hand)
 o - an uncursed ring of magical power
 y - an amulet of the gourmand (around neck)
 C - a +2 ring of protection
 E - the ring "Coibiodeebb" (left hand) {Dex+2 SInv}
   (You took it off an orc priest on level 4 of the Dungeon)

   [ring of see invisible]

   It affects your dexterity (+2).
   It lets you see invisible.
 F - an uncursed ring of poison resistance
 H - the ring of Gemmeru {Fire MR++ Int+3}
   (You found it on level 7 of the Dungeon)

   [ring of fire]

   It enhances your fire magic.
   It affects your intelligence (+3).
   It protects you from fire.
   It makes you vulnerable to cold.
   It affects your resistance to hostile enchantments.
 I - an uncursed ring of flight
Wands
 l - a wand of polymorph (22)
 N - a wand of enslavement (17)
 P - a wand of paralysis (32)
 X - a wand of flame (87)
Scrolls
 d - 7 scrolls of remove curse
 f - 10 scrolls of teleportation
 h - a scroll of amnesia
 k - a scroll of silence
 t - 7 scrolls of fog
 u - 2 scrolls of magic mapping
 x - 2 scrolls of identify
 A - a scroll of holy word
 B - 4 scrolls of fear
 U - a scroll of immolation
Potions
 e - 5 potions of brilliance
 m - 2 potions of resistance
 p - 8 potions of curing
 q - a potion of haste
 r - a potion of heal wounds
 D - a potion of cancellation
 K - 6 potions of agility
 L - 3 potions of ambrosia
 O - a potion of berserk rage
 R - a potion of flight
Books
 n - a book of Changes

   Spells                             Type                      Level
   a - Beastly Appendage              Transmutation                1
   b - Sticks to Snakes               Transmutation                2
   c - Spider Form                    Transmutation/Poison         3
   d - Ice Form                       Ice/Transmutation            4
   e - Blade Hands                    Transmutation                5
Miscellaneous
 G - a lightning rod (1/4)
Comestibles
 c - 41 rations


   Skills:
 - Level 8.4 Fighting
 + Level 5.5 Armour
 + Level 10.1 Dodging
 - Level 1.7 Stealth
 - Level 4.5 Shields
 + Level 11.7 Spellcasting
 + Level 12.4 Conjurations
 - Level 5.2 Charms
 * Level 17.1 Fire Magic
 - Level 3.0 Evocations


You had 13 spell levels left.
You knew the following spells:

 Your Spells              Type           Power        Failure   Level  Hunger
a - Flame Tongue          Conj/Fire      #####        0%          1    None
c - Conjure Flame         Conj/Fire      #######.     1%          3    None
e - Fireball              Conj/Fire      #######...   1%          5    ###....
f - Force Lance           Conj/Tloc      #####...     5%          4    None
i - Inner Flame           Hex/Fire       ######..     1%          3    None
r - Regeneration          Chrm/Necr      ####......   7%          3    None
s - Sticky Flame          Conj/Fire      #######.     1%          4    None
t - Throw Flame           Conj/Fire      ######       1%          2    None


Dungeon Overview and Level Annotations

Branches:
Dungeon (15/15)            Temple (1/1) D:5            Lair (6/6) D:9
 Shoals (0/4) Lair:2        Snake (0/4) Lair:3        Slime (0/5) Lair:6
    Orc (2/2) D:11            Elf (3/3) Orc:2        Vaults (0/5) D:13
 Depths (0/5) D:15

Shops:
D:9 (   Orc:1 ?   Orc:2 (?%[*   Elf:1 (   Elf:2 [

Annotations:
Orc:1 1 runed door, exclusion: 4 orange crystal statues
Elf:2 5 runed doors


Innate Abilities, Weirdness & Mutations

You have an increased reservoir of magic. (+10% MP)


Message History

The deep elf sorcerer burns!
You block the deep elf sorcerer's attack.
A deep elf blademaster comes into view. It is wielding two rapiers.
The deep elf sorcerer burns!
The deep elf sorcerer howls an incantation.
The deep elf sorcerer shimmers violently.
The deep elf sorcerer gestures at you while chanting.
The bolt of acid misses you.
The deep elf sorcerer burns!
You kill the deep elf sorcerer!
The deep elf sorcerer casts a spell at you.
The sphere of damnation explodes!
The damnation engulfs you!
* * * LOW HITPOINT WARNING * * *
Okay, then.
The deep elf sorcerer wildly gestures.
The deep elf sorcerer's hands start to glow.
You feel yourself speed up.
The deep elf sorcerer gestures at you while chanting.
The sphere of damnation explodes!
The damnation engulfs you!
You die...

#....#.......##
##..##........#
#...####.....##
#....#####....#
##......###...#
#........##..##
##.......#....#
###....(.....#
####...@...#
#####...# #...#
#...# #e..#
##e..# #..(.#
#..#.# #|.#.#


You could see a deep elf blademaster and a deep elf sorcerer.

Vanquished Creatures
  Rupert (Lair:6)
  A deep elf master archer (Elf:3)
  Kirke (D:15)
  2 azure jellies (Lair:6)
  6 deep elf sorcerers
  4 deep elf elementalists
  2 deep elf demonologists (Elf:3)
  A slime creature (D:15)
  A dire elephant (Lair:5)
  3 deep elf annihilators (Elf:3)
  Snorg (Orc:1)
  2 ogre magi
  4 deep elf high priests (Elf:3)
  A hydra (shapeshifter) (Elf:2)
  4 hydras
  2 peacekeepers
  3 vault guards (D:13)
  A catoblepas (Lair:5)
  Erica (D:11)
  11 two-headed ogres
  Urug (Lair:4)
  10 death yaks
  12 dancing weapons
  11 deep elf knights
  An iron troll (Orc:1)
  The ghost of Baz the Magician, a novice GnWn of Qazlal (D:8)
  2 unseen horrors
  A deep troll (Orc:2)
  10 deep elf archers
  2 wizards (D:13)
  2 necromancers
  2 orc knights (Orc:2)
  An orb spider (shapeshifter) (Elf:2)
  7 ugly things
  4 orc sorcerers
  5 cyclopes
  48 deep elf magi
  Maurice (D:8)
  8 elephants
  5 centaur skeletons
  8 black mambas
  3 naga magi (D:15)
  A torpor snail (Lair:1)
  A gargoyle (D:12)
  11 spiny frogs
  A freezing wraith (D:14)
  An efreet (D:14)
  2 kobold demonologists
  3 rime drakes
  A yaktaur (D:12)
  12 komodo dragons
  12 trolls
  2 tengu conjurers (D:14)
  4 polar bears (Lair:6)
  A merfolk (D:9)
  5 hornets
  A harpy skeleton (D:15)
  7 saltlings
  Prince Ribbit (D:5)
  8 dream sheep
  33 blink frogs
  12 hippogriffs
  A shadow (D:13)
  2 wraiths
  12 spriggans
  3 air elementals
  19 humans
  4 water elementals
  A fire elemental (Elf:3)
  4 wyverns
  5 hogs (D:15)
  42 yaks
  A steam dragon (Lair:3)
  6 basilisks
  A hungry ghost (D:14)
  Menkaure (D:6)
  7 wargs
  15 water moccasins
  A soldier ant (D:12)
  12 porcupines
  5 ice beasts
  3 sky beasts
  13 orc warriors
  2 phantoms
  An eye of draining (D:12)
  4 black bears
  27 ogres
  4 boggarts (Lair:6)
  39 wolves
  5 centaurs
  10 crocodiles
  4 big kobolds
  19 bullfrogs
  A gnoll sergeant (D:10)
  2 earth elementals
  A wyvern skeleton (D:10)
  A wyvern zombie (D:10)
  12 scorpions
  3 killer bees (D:9)
  A troll skeleton (D:11)
  5 spriggan skeletons (D:11)
  9 wights
  4 howler monkeys
  An electric eel (Lair:5)
  3 centaur zombies
  9 crimson imps
  4 hounds
  2 bullfrog zombies
  5 jellies
  2 gnoll shamans
  A human zombie (Ossuary)
  12 orc priests
  2 bullfrog skeletons
  7 iguanas
  36 orc wizards
  12 worker ants
  A hound skeleton (D:10)
  3 mummies (Ossuary)
  A worker ant zombie (D:11)
  16 gnolls
  11 adders
  2 scorpion zombies (Ossuary)
  2 shadow imps
  3 adder zombies
  An adder skeleton (D:8)
  5 worms
  3 dart slugs
  5 leopard geckos
  77 orcs
  9 giant cockroaches
  3 gnoll zombies
  7 goblins
  12 hobgoblins
  12 jackals
  4 quokkas
  4 ball pythons
  11 bats
  7 frilled lizards
  3 goblin zombies (Ossuary)
  A hobgoblin zombie (Ossuary)
  15 kobolds
  2 orc zombies (Ossuary)
  A quokka skeleton (D:4)
  6 rats
  11 bushes
  2 fungi (Lair:5)
  2 plants
966 creatures vanquished.

Vanquished Creatures (others)
  A deep elf mage (Elf:2)
  3 scorpions (Ossuary)
  A killer bee (D:9)
  7 bushes
  58 fungi
  26 plants
  6 toadstools (Lair:5)
102 creatures vanquished.

Grand Total: 1068 creatures vanquished

Notes
Turn   | Place    | Note
-------+----------+-------------------------------------------
     0 | D:1      | RepoMan the Demigod Fire Elementalist began the quest for the Orb.
     0 | D:1      | Reached XP level 1. HP: 14/14 MP: 5/5
    51 | D:1      | Reached skill level 1 in Conjurations
   145 | D:1      | Reached skill level 3 in Fire Magic
   194 | D:1      | Reached XP level 2. HP: 20/20 MP: 2/7
   580 | D:1      | Learned a level 2 spell: Throw Flame
  1118 | D:2      | Reached XP level 3. HP: 26/26 MP: 4/8
  1179 | D:2      | Found a hazy altar of Hepliaklqana.
  1381 | D:2      | Learned a level 3 spell: Conjure Flame
  1831 | D:2      | Found a basalt altar of Yredelemnul.
  1997 | D:3      | Reached XP level 4. HP: 33/33 MP: 6/10
  2478 | D:3      | Reached skill level 1 in Armour
  2478 | D:3      | Reached skill level 4 in Fire Magic
  2659 | D:3      | Reached XP level 5. HP: 38/38 MP: 7/11
  2668 | D:3      | Learned a level 3 spell: Inner Flame
  2967 | D:3      | Found a blossoming altar of Fedhas.
  2976 | D:3      | Found an iron altar of Okawaru.
  3305 | D:4      | Noticed an ogre
  3348 | D:4      | Killed an ogre
  3527 | D:4      | Reached XP level 6. HP: 45/45 MP: 9/13
  3743 | D:5      | Entered Level 5 of the Dungeon
  3743 | D:5      | Found a staircase to the Ecumenical Temple.
  4012 | D:5      | Noticed Prince Ribbit
  4221 | D:5      | Found a glowing drain.
  4287 | Sewer    | Entered a sewer
  4658 | Sewer    | Reached skill level 5 in Fire Magic
  4662 | Sewer    | Reached XP level 7. HP: 45/50 MP: 8/15
  5189 | D:5      | Found a burning altar of Makhleb.
  5512 | D:4      | Got a shimmering leather armour
  5527 | D:4      | Identified the +2 leather armour of the Eight Boll Weevils {Int+5} (You found it on level 4 of the Dungeon)
  5580 | D:4      | Learned a level 4 spell: Sticky Flame
  6017 | D:4      | Got a fine ivory ring
  6018 | D:4      | Identified the ring "Coibiodeebb" {Dex+2 SInv} (You took it off an orc priest on level 4 of the Dungeon)
  6141 | D:4      | Got a crude long sword
  6143 | D:4      | Identified the +3 long sword "Xeohuil" {speed, +Blink} (You found it on level 4 of the Dungeon)
  6211 | Temple   | Entered the Ecumenical Temple
  6293 | D:6      | Reached skill level 6 in Fire Magic
  6293 | D:6      | Reached XP level 8. HP: 30/57 MP: 7/17
  6531 | D:6      | Reached skill level 1 in Evocations
  6973 | D:6      | Noticed Menkaure
  6977 | D:6      | Killed Menkaure
  7203 | D:7      | Reached skill level 7 in Fire Magic
  7776 | D:7      | Got a clouded bronze ring
  7777 | D:7      | Identified the ring of Gemmeru {Fire MR++ Int+3} (You found it on level 7 of the Dungeon)
  7817 | D:7      | Noticed a hippogriff
  7826 | D:7      | Killed a hippogriff
  7826 | D:7      | Reached XP level 9. HP: 62/62 MP: 7/19
  7995 | D:7      | Found a sparkling altar of Nemelex Xobeh.
  8145 | D:7      | Found an ornate altar of the Wu Jian Council.
  8145 | D:7      | Found a deep blue altar of Sif Muna.
  8410 | D:8      | Reached skill level 5 in Conjurations
  8432 | D:8      | Found a burning altar of Makhleb.
  8488 | D:8      | Found a sand-covered staircase.
  8497 | Ossuary  | Entered an ossuary
  8514 | Ossuary  | Reached skill level 5 in Spellcasting
  8658 | Ossuary  | Reached skill level 8 in Fire Magic
  9243 | D:8      | Found a shadowy altar of Dithmenos.
  9463 | D:8      | Learned a level 5 spell: Fireball
  9573 | D:8      | Found an iron altar of Okawaru.
  9655 | D:8      | Reached skill level 9 in Fire Magic
 10022 | D:8      | Noticed Baz's ghost (novice GnWn)
 10038 | D:8      | Killed Baz's ghost
 10167 | D:8      | Reached XP level 10. HP: 69/69 MP: 19/22
 10280 | D:8      | Learned a level 3 spell: Regeneration
 10471 | D:8      | Noticed Maurice
 10478 | D:8      | Killed Maurice
 10531 | D:8      | Found a hide-covered altar of Uskayaw.
 10905 | D:9      | Reached skill level 10 in Fire Magic
 11444 | D:9      | Found a staircase to the Lair.
 11746 | D:9      | Found Efufid's Antique Weapon Shoppe.
 11825 | D:9      | Got a distressingly furry ring mail
 11826 | D:9      | Identified the +4 ring mail of Merchorph {rCorr} (You found it on level 9 of the Dungeon)
 11834 | D:9      | Found an opulent altar of Gozag.
 12197 | Lair:1   | Entered Level 1 of the Lair of Beasts
 13464 | Lair:2   | You fall through a shaft!
 13602 | Lair:3   | Reached skill level 11 in Fire Magic
 13662 | Lair:3   | Reached XP level 11. HP: 47/74 MP: 19/25
 14299 | Lair:3   | Found a staircase to the Snake Pit.
 15106 | Lair:3   | Reached skill level 1 in Fighting
 15291 | Lair:3   | Reached skill level 12 in Fire Magic
 17059 | Lair:2   | Noticed a seven-headed hydra
 17063 | Lair:2   | Killed a seven-headed hydra
 17063 | Lair:2   | Reached XP level 12. HP: 84/88 MP: 12/28
 17644 | Lair:2   | Found a staircase to the Shoals.
 18297 | Lair:4   | Reached skill level 1 in Charms
 18992 | Lair:4   | Noticed Urug
 19869 | Lair:4   | Killed Urug
 19869 | Lair:4   | Reached skill level 13 in Fire Magic
 20211 | Lair:5   | Noticed a five-headed hydra
 20771 | Lair:5   | Reached skill level 5 in Dodging
 20945 | Lair:5   | Killed a five-headed hydra
 21033 | Lair:5   | Reached XP level 13. HP: 96/99 MP: 2/30
 21396 | Lair:5   | Found a runed door.
 21481 | Lair:5   | Noticed a dire elephant
 21589 | Lair:5   | Killed a dire elephant
 21589 | Lair:5   | Reached skill level 5 in Fighting
 22232 | Lair:6   | Entered Level 6 of the Lair of Beasts
 22787 | Lair:6   | Noticed Rupert
 23884 | Lair:6   | Killed Rupert
 23884 | Lair:6   | Reached skill level 10 in Conjurations
 24450 | Lair:6   | Reached skill level 14 in Fire Magic
 26116 | Lair:6   | Reached XP level 14. HP: 111/111 MP: 6/32
 26462 | Lair:6   | Reached skill level 1 in Shields
 26776 | Lair:6   | Found a runed door.
 26779 | Lair:6   | Noticed an azure jelly
 26783 | Lair:6   | Found a viscous altar of Jiyva.
 26783 | Lair:6   | Found a staircase to the Slime Pits.
 26783 | Lair:6   | Noticed an azure jelly
 26788 | Lair:6   | Killed an azure jelly
 26790 | Lair:6   | Killed an azure jelly
 27513 | D:10     | Entered Level 10 of the Dungeon
 28186 | D:10     | Reached skill level 10 in Spellcasting
 28601 | D:11     | Noticed Erica
 28607 | D:11     | Killed Erica
 28975 | D:11     | Found a staircase to the Orcish Mines.
 29359 | D:11     | Learned a level 4 spell: Force Lance
 31212 | D:13     | Reached skill level 15 in Fire Magic
 31922 | D:13     | Paralysed by a wizard for 7 turns
 32196 | D:13     | Found a gate to the Vaults.
 32750 | D:5      | Killed Prince Ribbit
 32908 | Orc:1    | Entered Level 1 of the Orcish Mines
 32989 | Orc:1    | Found a runed door.
 32994 | Orc:1    | Found the +10 large shield of Ignorance {rN+ Int-4}
 33039 | Orc:1    | Found a runed door.
 33420 | Orc:1    | Found Inehijumn's Magic Scroll Boutique.
 33452 | Orc:1    | Bought a scroll of identify for 32 gold pieces
 33452 | Orc:1    | Bought a scroll of identify for 32 gold pieces
 33459 | Orc:1    | Bought a scroll of vulnerability for 120 gold pieces
 33461 | Orc:1    | Identified a scroll of acquirement
 33870 | Orc:2    | Entered Level 2 of the Orcish Mines
 34200 | Orc:2    | Noticed Snorg
 34219 | Orc:1    | Killed Snorg
 34741 | Orc:2    | Found a staircase to the Elven Halls.
 35303 | Orc:1    | Reached XP level 15. HP: 104/121 MP: 19/34
 35569 | Orc:2    | Found Xogip's General Store.
 35581 | Orc:2    | Found Orockak's Antique Armour Boutique.
 36105 | Orc:2    | Found Byehy's Food Emporium.
 36106 | Orc:2    | Found Putuxt's Magic Scroll Emporium.
 36482 | Orc:2    | Bought a scroll of identify for 28 gold pieces
 36482 | Orc:2    | Bought a scroll of acquirement for 728 gold pieces
 36482 | Orc:2    | Bought a scroll of identify for 28 gold pieces
 36482 | Orc:2    | Bought a scroll of identify for 28 gold pieces
 36897 | Orc:2    | Found Ustrogg's Weapon Shoppe.
 37391 | Orc:2    | Got a transparent crystal plate armour
 37392 | Orc:2    | Identified the +3 crystal plate armour "Febad" {+Fly rElec rC- Stlth+} (You acquired it on level 2 of the Orcish Mines)
 38807 | D:15     | Entered Level 15 of the Dungeon
 38826 | D:15     | Found a shimmering altar of Xom.
 39075 | D:15     | Noticed Kirke
 39082 | D:15     | Killed Kirke
 39535 | D:15     | Found a staircase to the Depths.
 40489 | Elf:1    | Entered Level 1 of the Elven Halls
 41014 | Elf:1    | Got a scorched ring mail
 41016 | Elf:1    | Identified the +1 ring mail of Inviolability {rPois} (You found it on level 1 of the Elven Halls)
 41036 | Elf:1    | Reached skill level 16 in Fire Magic
 41134 | Elf:1    | Cast into level 2 of the Abyss (a deep elf sorcerer)
 41144 | Elf:1    | Escaped the Abyss
 41220 | Elf:1    | Found Ekhlinorph's Weapon Emporium.
 41332 | Elf:1    | Got a crystal quarterstaff
 41343 | Elf:1    | Identified the cursed +1 quarterstaff of Bread {drain, Int+6} (You found it on level 1 of the Elven Halls)
 42020 | Elf:1    | Got a faintly glowing scale mail
 42668 | Elf:2    | Found a ruined gateway.
 42953 | Elf:2    | Reached XP level 16. HP: 120/129 MP: 12/36
 43065 | Desolati | Entered the Desolation of Salt
 44919 | Elf:2    | Found Gesk's Armour Emporium.
 45320 | Elf:2    | Found a huge runed gate.
 45320 | Elf:2    | Found a huge runed gate.
 45320 | Elf:2    | Found a huge runed gate.
 45323 | Elf:2    | Found a huge runed gate.
 45324 | Elf:2    | Found a huge runed gate.
 45565 | Elf:3    | Entered Level 3 of the Elven Halls
 46607 | Elf:3    | Reached skill level 5 in Charms
 46646 | Elf:3    | Reached skill level 5 in Armour
 46982 | Elf:3    | Reached skill level 17 in Fire Magic
 47119 | Elf:3    | Noticed a deep elf master archer
 47216 | Elf:3    | Killed a deep elf master archer
 47216 | Elf:3    | Reached skill level 10 in Dodging
 47532 | Elf:3    | Got a twisted mace {antimagic}
 47581 | Elf:3    | Noticed a deep elf blademaster
 47585 | Elf:3    | Killed from afar by a deep elf sorcerer

Skill      XL: |  1  2  3  4  5  6  7  8  9 10 11 12 13 14 15 16 |
---------------+-------------------------------------------------+-----
Conjurations   | 1 2 3 4 6 7 8 9 10 11 12 | 12.4
Fire Magic     | 3 4 5 6 7 9 11 12 13 14 15 16 17 | 17.1
Spellcasting   | 2 3 4 5 7 8 9 10 11 | 11.7
Armour         | 1 2 3 4 5 |  5.5
Evocations     | 2 3 |  3.0
Dodging        | 3 5 6 7 9 10 | 10.1
Fighting       | 2 4 6 7 8 |  8.4
Charms         | 3 5 |  5.2
Shields        | 4 |  4.5
Stealth        | |  1.7

Action                   |  1- 3 |  4- 6 |  7- 9 | 10-12 | 13-15 | 16-18 || total
-------------------------+-------+-------+-------+-------+-------+-------++-------
Melee: Staff             |     1 |    15 |    18 |       |     5 |     5 ||    44
       Long sword        |       |       |    73 |    79 |   285 |     5 ||   442
 Fire: Blowgun           |       |    13 |       |       |       |       ||    13
Throw: Javelin           |       |       |     6 |       |       |       ||     6
       Throwing net      |       |       |       |       |     2 |     2 ||     4
 Cast: Flame Tongue      |    83 |   117 |   232 |   333 |   324 |    20 ||  1109
       Conjure Flame     |     1 |     4 |    16 |    22 |    37 |       ||    80
       Throw Flame       |     1 |     5 |     6 |    23 |    21 |     4 ||    60
       Sticky Flame      |       |       |    17 |    95 |   215 |    30 ||   357
       Inner Flame       |       |       |     4 |    10 |     7 |       ||    21
       Fireball          |       |       |     1 |    52 |   237 |    81 ||   371
       Regeneration      |       |       |       |     3 |     5 |     1 ||     9
       Force Lance       |       |       |       |       |    68 |    99 ||   167
 Abil: Evoke Blink       |       |       |       |     4 |     5 |       ||     9
Evoke: Wand              |       |       |       |    10 |    27 |     1 ||    38
       Lightning rod     |       |       |       |       |       |     4 ||     4
  Use: Scroll            |       |    10 |     7 |     8 |    26 |     3 ||    54
       Potion            |       |       |       |       |     4 |     7 ||    11
 Stab: Paralysed         |       |       |       |       |    17 |       ||    17
       Sleeping          |       |       |       |       |     3 |       ||     3
       Held in net/web   |       |       |       |       |     1 |     1 ||     2
  Eat: Chunk             |     4 |     2 |    23 |    42 |    90 |    16 ||   177
       Ration            |       |     2 |     2 |       |       |       ||     4
Armor: Robe              |     4 |       |       |       |       |       ||     4
       Leather armour    |     1 |       |    48 |    83 |   167 |       ||   299
       Ring mail         |       |    35 |    10 |       |     5 |    14 ||    64
Dodge: Dodged            |    14 |    26 |   107 |   148 |   444 |    54 ||   793
Block: Buckler           |       |       |       |       |   128 |    34 ||   162
       Rpst.: Long sword |       |       |    27 |    36 |   107 |     1 ||   171
